 Dungeon Crawl Stone Soup version 0.28.0 (webtiles) character file.

Game seed: 15188701273333124517

109 a3don the Skirmisher (level 4, 0/41 HPs)
             Began as a Hill Orc Fighter on Feb 13, 2022.
             Slain by a gnoll (7 damage)
             ... on level 3 of the Dungeon.
             The game lasted 00:02:27 (2370 turns).

a3don the Skirmisher (Hill Orc Fighter)             Turns: 2370, Time: 00:02:27

Health: 0/41       AC:  9    Str: 18    XL:     4   Next: 89%
Magic:  4/4        EV:  9    Int: 10    God:
Gold:   105        SH:  4    Dex: 10    Spells: 3/3 levels left

rFire   . . .      SeeInvis .   a - +0 war axe
rCold   . . .      Faith    .   c - +0 buckler
rNeg    . . .      Spirit   .   b - +0 scale mail
rPois   .          Reflect  .   (no helmet)
rElec   .          Harm     .   (no cloak)
rCorr   .          Rampage  .   g - +0 pair of gloves
Will    .....                   o - +0 pair of boots
Stlth   ..........              (no amulet)
HPRegen 0.13/turn               (no ring)
MPRegen 0.09/turn               (no ring)

@: no status effects
A: no striking features
a: no special abilities


You were on level 3 of the Dungeon.
You visited 1 branch of the dungeon, and saw 3 of its levels.

You collected 105 gold pieces.

Inventory:

Hand Weapons
 a - a +0 war axe (weapon)
 n - a +1 short sword of freezing
 q - a +0 hunting sling
Missiles
 m - 2 atropa-tipped darts (quivered)
 r - 53 stones
Armour
 b - a +0 scale mail (worn)
 c - a +0 buckler (worn)
 g - a +0 pair of gloves (worn)
 o - a +0 pair of boots (worn)
Jewellery
 h - a +6 ring of dexterity
Scrolls
 e - a scroll of summoning {unknown}
 f - a scroll of noise {unknown}
 i - 4 scrolls of identify {unknown}
 k - 2 scrolls of teleportation {unknown}
 p - a scroll of immolation {unknown}
Potions
 d - a potion of might
 j - a potion of brilliance {unknown}
 l - a potion of ambrosia {unknown}
 s - a potion of curing {unknown}


   Skills:
 + Level 4.5 Fighting
 + Level 4.0 Axes
 + Level 4.1 Armour
 + Level 4.1 Shields


You had 3 spell levels left.
You didn't know any spells.
Your spell library was empty.

Dungeon Overview and Level Annotations

Branches:
Dungeon (3/15)

Altars:


Message History

You closely miss the gnoll. You barely miss the kobold.
The kobold barely misses you.
The gnoll hits you but does no damage. x2
The gnoll closely misses you. The kobold hits you with a +0 club.
The worm closely misses you. You block the gnoll's attack.
The gnoll hits you from afar with a +0 spear.
The gnoll hits you but does no damage. The gnoll hits you with a +0 whip.
You hit the gnoll but do no damage.
The gnoll is moderately wounded.
The gnoll hits you but does no damage. The gnoll closely misses you.
The gnoll hits you with a +0 whip.
* * * LOW HITPOINT WARNING * * *
You hit the gnoll.
The gnoll is severely wounded.
The gnoll hits you from afar with a +0 spear.
* * * LOW HITPOINT WARNING * * *
The gnoll closely misses you.
You slash the gnoll!
You kill the gnoll!
The gnoll completely misses you.
Your Axes skill increases to level 4!
The gnoll hits you with a +0 spear.
* * * LOW HITPOINT WARNING * * *
Things that are here:
a +0 whip; a gnoll corpse The gnoll hits you from afar with a +0 spear.
* * * LOW HITPOINT WARNING * * *
You block the gnoll's attack.
There is an open door here.
As you close the door, it creaks loudly!
A gnoll opens the door.
As you open the door, it creaks loudly!
You hear a shout!
A rat comes into view.
The rat bites you but does no damage.
There is an open door here.
You slash the rat!
You kill the rat!
The gnoll hits you but does no damage.
The gnoll hits you from afar with a +0 spear!
You die...

.............>#.#.........
####..........#.#.........
####.##.#.###.#.#.########
#..#..#.#...........#
......#.###.#.#..##.########
#.#.###...###.<............#
#...#
......####.#########.##
##### .[......##### #..# #
..........@.### ##.#
......##...### #.# ⌠....
#.g....### #.# ....
##...K....###.# ...
#.............# ..
##........†.#### .
#.....⌠.g.†.# #..........##
#...........#


You could see 2 gnolls and a kobold.

Vanquished Creatures
  Terence (D:2)
  A gnoll (D:3)
  2 adders
  3 worms
  A dart slug (D:1)
  6 ball pythons
  3 endoplasms
  2 giant cockroaches
  6 goblins
  5 hobgoblins
  A quokka (D:1)
  6 bats
  2 frilled lizards (D:2)
  7 kobolds
  5 rats
51 creatures vanquished.

Notes
Turn   | Place    | Note
-------+----------+-------------------------------------------
     0 | D:1      | a3don the Hill Orc Fighter began the quest for the Orb.
     0 | D:1      | Reached XP level 1. HP: 19/19 MP: 1/1
   141 | D:1      | Reached XP level 2. HP: 18/27 MP: 2/2
   771 | D:2      | Noticed Terence
   796 | D:2      | Killed Terence
   797 | D:2      | Reached XP level 3. HP: 13/33 MP: 3/3
  1371 | D:2      | Reached XP level 4. HP: 40/40 MP: 4/4
  1425 | D:2      | Found a faded altar of an unknown god.
  2370 | D:3      | Slain by a gnoll

Illustrated notes

Levels and vault maps discovered:
D:1:      evilmike_arrival_crescent, layout_basic
D:2:      layout_basic, nicolae_ecumenical_snake_handling, minmay_statues_item,
          uniq_terence
D:3:      minmay_skewed_foursquare, layout_basic, uniq_grinder

Skill      XL: |  1  2  3  4 |
---------------+-------------+-----
Axes           | 3 4 |  4.0
Fighting       | 4 |  4.5
Armour         | 4 |  4.1
Shields        | 4 |  4.1

Action                   |  1- 3 |  4- 6 || total
-------------------------+-------+-------++-------
Melee: War axe           |    72 |    63 ||   135
Throw: Dart              |     2 |       ||     2
  Use: Potion            |     1 |       ||     1
 Stab: Invisible         |     1 |       ||     1
Armor: Scale mail        |    36 |    36 ||    72
Dodge: Dodged            |    25 |    41 ||    66
Block: Buckler           |    14 |    14 ||    28
